 Dungeon Crawl Stone Soup version 0.20-a0-501-g0de2c2e (webtiles) character file.

1745 Jmtri7 the Ducker (level 9, -11/71 HPs)
             Began as a Human Berserker on Jan 20, 2017.
             Was an Elder of Trog.
             Mangled by an orc warrior
             ... wielding a +0 halberd
              (18 damage)
             ... on level 6 of the Dungeon.
             The game lasted 00:22:21 (6172 turns).

Jmtri7 the Ducker (Human Berserker)                 Turns: 6172, Time: 00:22:22

Health: -11/71     AC: 12    Str: 19    XL:     9   Next: 26%
Magic:  9/9        EV: 16    Int: 13    God:    Trog [****..]
Gold:   88         SH:  0    Dex: 15    Spells: 8/8 levels left

rFire    . . .     SeeInvis .   B - +5 short sword of the Desert {speed, Int+4}
rCold    . . .     Gourm    .   u - +3 ring mail
rNeg     . . .     Faith    .   (no shield)
rPois    .         Spirit   .   (no helmet)
rElec    .         Reflect  .   i - +1 cloak
rCorr    .         Harm     .   n - +1 pair of gloves
MR       .....                  (no boots)
Stlth    +.........             (no amulet)
Regen    0.3/turn               (no ring)
                                z - +2 ring of strength

@: no status effects
A: no striking features
a: Berserk, Trog's Hand, Brothers in Arms, Burn Spellbooks, Renounce Religion


You were on level 6 of the Dungeon.
You worshipped Trog.
Trog was greatly pleased with you.
You were not hungry.

You visited 2 branches of the dungeon, and saw 7 of its levels.

You collected 296 gold pieces.
You spent 208 gold pieces at shops.

Inventory:

Hand Weapons
 d - a +2 dagger of venom
 k - a +2 rapier of electrocution
 r - a +1 battleaxe of freezing
 t - a +2 whip of electrocution
 y - the +7 quarterstaff of Hofeudat {drain, +Inv Int+8 Dex+4 Stlth-}
   (You found it on level 4 of the Dungeon)

   A truly terrible weapon, it drains the life of those it strikes.
   It affects your intelligence (+8).
   It affects your dexterity (+4).
   It lets you turn invisible.
   It makes you less stealthy.
 A - a +1 scimitar
 B - the +5 short sword of the Desert (weapon) {speed, Int+4}
   (You bought it in a shop on level 6 of the Dungeon)

   Attacks with this weapon are significantly faster.
   It affects your intelligence (+4).
Armour
 i - a +1 cloak (worn)
 m - a +2 robe of resistance
 n - a +1 pair of gloves (worn)
 u - a +3 ring mail (worn)
Jewellery
 z - a +2 ring of strength (left hand)
 G - an uncursed amulet of rage {unknown}
Wands
 a - a wand of iceblast (4/15)
 w - a wand of polymorph (6/24)
Scrolls
 f - 2 scrolls of remove curse
 o - a scroll of fog {unknown}
 x - a scroll of fear
 C - a scroll of recharging {unknown}
 E - a scroll of blinking {unknown}
Potions
 b - a potion of magic
 e - a potion of flight
 h - 4 potions of curing
 j - 3 potions of haste {unknown}
 q - a potion of brilliance {unknown}
 s - a potion of berserk rage {unknown}
 v - a potion of agility {unknown}
 F - a potion of lignification {unknown}
Comestibles
 c - 5 bread rations
 g - a royal jelly
 l - 5 meat rations
 p - a slice of pizza
 D - 4 chunks of flesh


   Skills:
 - Level 6.4 Fighting
 + Level 6.8 Long Blades
 - Level 2.0 Armour
 - Level 7.8 Dodging


You had 8 spell levels left.
You didn't know any spells.

Dungeon Overview and Level Annotations

Branches:
Dungeon (6/15)             Temple (1/1) D:5

Altars:
Hepliaklqana
Qazlal
Vehumet
Xom
Yredelemnul
The Shining One

Shops:
D:6 }([


Message History

You puncture the centaur!
The centaur is heavily wounded.
The orc warrior barely misses you.
You closely miss the centaur.
The centaur is heavily wounded.
The centaur misses you.
You hit the centaur.
The centaur is severely wounded.
The centaur barely misses you.
The orc warrior hits you from afar with a halberd!
* * * LOW HITPOINT WARNING * * *
You hit the centaur.
The centaur is almost dead.
The centaur hits you.
* * * LOW HITPOINT WARNING * * *
You hit the centaur.
The centaur is almost dead.
The centaur misses you.
The orc warrior hits you from afar with a halberd!!
You die...

#............# #.##.###.# #
##.#####.####.# #.##.#...#
# .........# #.. #.##.#.###
#
...###########.#####..#...#
# ...#
#..............#.#########
...#
#.#####..####..#.........'
...# #.# ##.#
#..#.######### ...# #.#
#.## #..#.# # ...# #.# #.@#
#..#.# # ...# #.#
##c###..#.# )..#
###.#######oo##..#.# .))#
#......#...(.$...#.# .).#
#......#.........#.# ...#
#......#.........#.# ##.#
#......#.........#.#
##.###......#...!.....#.#
.....'......#.........#.#
###


You could see an orc warrior, a centaur and an orc priest.

Vanquished Creatures
  Prince Ribbit (D:5)
  Grinder (D:5)
  Sigmund (D:2)
  Eustachio (D:4)
  3 bullfrogs (D:6)
  2 scorpions
  A howler monkey (D:6)
  2 orc wizards (D:6)
  3 orc priests
  4 hounds
  Natasha (thrice) (D:2 D:1)
  Terence (D:2)
  A worker ant (D:5)
  11 gnolls
  5 adders
  A shadow imp (D:5)
  An ooze (D:3)
  An adder skeleton (D:5)
  4 worms
  7 dart slugs
  2 leopard geckos
  25 orcs
  9 bats
  6 giant cockroaches
  10 goblins
  7 hobgoblins
  4 jackals
  6 kobolds
  2 quokkas
  6 ball pythons
  5 frilled lizards
  A leopard gecko zombie (D:5)
  A quokka skeleton (D:4)
  45 rats
183 creatures vanquished.

Notes
Turn   | Place    | Note
-------+----------+-------------------------------------------
     0 | D:1      | Jmtri7 the Human Berserker began the quest for the Orb.
     0 | D:1      | Reached XP level 1. HP: 18/18 MP: 1/1
   174 | D:1      | Reached XP level 2. HP: 15/24 MP: 2/2
   486 | D:1      | Reached skill level 3 in Dodging
   513 | D:1      | Reached XP level 3. HP: 26/29 MP: 3/3
   696 | D:2      | Noticed Natasha
   702 | D:2      | Killed Natasha
   702 | D:2      | Reached skill level 4 in Dodging
   702 | D:2      | Reached XP level 4. HP: 17/35 MP: 4/4
   703 | D:2      | Noticed Sigmund
  1154 | D:2      | Killed Sigmund
  1154 | D:2      | Reached ** piety under Trog
  1154 | D:2      | Reached skill level 6 in Dodging
  1154 | D:2      | Reached XP level 5. HP: 21/41 MP: 5/5
  1154 | D:2      | Reached XP level 6. HP: 24/47 MP: 6/6
  1204 | D:2      | Noticed Natasha
  1205 | D:2      | Noticed Terence
  1224 | D:2      | Killed Terence
  1572 | D:1      | Killed Natasha
  2043 | D:1      | Noticed Natasha
  2054 | D:1      | Killed Natasha
  2484 | D:2      | Reached XP level 7. HP: 50/52 MP: 7/7
  2538 | D:2      | Reached *** piety under Trog
  2550 | D:2      | Reached skill level 7 in Dodging
  3652 | D:3      | Found a stormy altar of Qazlal.
  4225 | D:5      | Entered Level 5 of the Dungeon
  4407 | D:4      | Reached **** piety under Trog
  4524 | D:4      | Noticed Eustachio
  4541 | D:4      | Killed Eustachio
  4541 | D:4      | Reached XP level 8. HP: 42/58 MP: 8/8
  4853 | D:4      | Found a hazy altar of Hepliaklqana.
  4895 | D:4      | Received a gift from Trog
  4988 | D:4      | Got a transparent quarterstaff
  4989 | D:4      | Identified the +7 quarterstaff of Hofeudat {drain, +Inv Int+8 Dex+4 Stlth-} (You found it on level 4 of the Dungeon)
  5081 | D:4      | Reached skill level 5 in Long Blades
  5176 | D:5      | Found a radiant altar of Vehumet.
  5197 | D:5      | Found a shimmering altar of Xom.
  5342 | D:5      | Noticed Grinder
  5344 | D:5      | Paralysed by Grinder for 4 turns
  5351 | D:5      | Killed Grinder
  5351 | D:5      | Reached skill level 5 in Fighting
  5377 | D:5      | Found a staircase to the Ecumenical Temple.
  5386 | Temple   | Entered the Ecumenical Temple
  5389 | D:5      | Noticed Prince Ribbit
  5394 | D:5      | Killed Prince Ribbit
  5412 | D:5      | Found a glowing golden altar of the Shining One.
  5414 | D:5      | Noticed an angel
  5430 | D:5      | Found a basalt altar of Yredelemnul.
  5438 | D:5      | Noticed a profane servitor
  5571 | D:6      | Found Hestruplu's Armour Boutique.
  5579 | D:6      | Found Nisooc's Antique Weapon Emporium.
  5587 | D:6      | Bought a warped short sword for 208 gold pieces
  5587 | D:6      | Identified the +5 short sword of the Desert {speed, Int+4} (You bought it in a shop on level 6 of the Dungeon)
  5688 | D:6      | Found Duphaub's Gadget Emporium.
  5706 | D:6      | Reached XP level 9. HP: 71/71 MP: 9/9
  6172 | D:6      | Mangled by an orc warrior

Vault maps used:
D:1:      dpeg_arrival_rooms_c
D:2:      grunt_ministairs_3, minmay_rats_cheesy_pizza, uniq_sigmund,
          uniq_natasha, uniq_terence
D:3:      lemuel_crystal_altar, kennysheep_generic_room_4
D:4:      old_standard_altar, portal_sewer_entry_c, corexii_hall_statues_i,
          due_unseen_surprise, uniq_eustachio
D:5:      cheibrodos_quashed, grunt_temple_overflow_holy_war,
          grunt_temple_overflow_open, first_bread, uniq_prince_ribbit1,
          uniq_grinder
D:6:      serial_shops, shop_statue, nicolae_shop_waterfront,
          nicolae_shop_crystal, shop, nicolae_shop_window_shopping,
          kennysheep_nub
Temple:   nicolae_temple_figure_eight

Skill      XL: |  1  2  3  4  5  6  7  8  9 |
---------------+----------------------------+-----
Dodging        | 3 4 6 7 |  7.8
Long Blades    | 4 5 6 |  6.8
Fighting       | 6 |  6.4
Armour         | |  2.0

Action                   |  1- 3 |  4- 6 |  7- 9 || total
-------------------------+-------+-------+-------++-------
Melee: Falchion          |    52 |       |       ||    52
       Dagger            |     7 |   119 |   121 ||   247
       Whip              |       |       |    39 ||    39
       Battleaxe         |       |       |    28 ||    28
       Scimitar          |       |       |    30 ||    30
       Quarterstaff      |       |       |    46 ||    46
       Rapier            |       |       |    33 ||    33
       Short sword       |       |       |    71 ||    71
Invok: Berserk           |       |       |     3 ||     3
  Use: Scroll            |     4 |       |     8 ||    12
 Stab: Sleeping          |       |       |     2 ||     2
  Eat: Chunk             |       |     5 |    15 ||    20
Armor: Animal skin       |    20 |       |       ||    20
       Robe              |     6 |    24 |    28 ||    58
       Ring mail         |       |       |    96 ||    96
Dodge: Dodged            |    40 |    95 |   344 ||   479
       Rpst.: Falchion   |     9 |       |       ||     9
       Scimitar          |       |       |    14 ||    14
